 Dungeon Crawl Stone Soup version 0.22.0-76-g6cd1571672 (webtiles) character file.

106 JedernureinKreuz the Conjurer (level 4, -1/32 HPs)
             Began as a Gnoll Conjurer on Sept 16, 2018.
             Was an Initiate of Sif Muna.
             Killed from afar by an orc wizard (5 damage)
             ... with a magic dart
             ... on level 3 of the Dungeon.
             The game lasted 00:08:29 (1694 turns).

JedernureinKreuz the Conjurer (Gnoll Conjurer)      Turns: 1694, Time: 00:08:33

Health: -1/32      AC:  2    Str: 10    XL:     4   Next: 84%
Magic:  0/11       EV: 15    Int: 18    God:    Sif Muna [......]
Gold:   107        SH:  0    Dex: 16    Spells: 12/13 levels left

rFire    . . .     SeeInvis .   d - +0 short sword
rCold    . . .     Gourm    .   (no shield)
rNeg     . . .     Faith    .   a - +0 robe
rPois    +         Spirit   .   (no helmet)
rElec    .         Reflect  .   (no cloak)
rCorr    .         Harm     .   (no gloves)
MR       .....                  (no boots)
Stlth    +++.......             (no amulet)
HPRegen  0.10/turn              k - ring of poison resistance
MPRegen  0.12/turn              (no ring)

@: no status effects
A: distributed training, fangs 1, strong nose
a: Renounce Religion


You were on level 3 of the Dungeon.
You worshipped Sif Muna.
Sif Muna was noncommittal.
You were not hungry.

You visited 1 branch of the dungeon, and saw 3 of its levels.

You collected 107 gold pieces.

Inventory:

Hand Weapons
 d - a +0 short sword (weapon)
Missiles
 b - 22 sling bullets
 e - 13 arrows
 f - 59 stones (quivered)
 t - 45 bolts
Armour
 a - a +0 robe (worn)
Jewellery
 k - a ring of poison resistance (left hand)
Scrolls
 g - 2 scrolls of random uselessness {unknown}
 h - 4 scrolls of identify {unknown}
 j - a scroll of enchant weapon {unknown}
 m - 2 scrolls of immolation {unknown}
 p - 3 scrolls of remove curse {unknown}
 q - a scroll of enchant armour {unknown}
 v - 2 scrolls of fog {unknown}
Potions
 i - a potion of lignification {unknown}
 l - a potion of cancellation {unknown}
 n - 2 potions of agility {unknown}
 o - a potion of flight {unknown}
 s - 2 potions of resistance {unknown}
 u - a potion of berserk rage {unknown}
 w - a potion of haste {unknown}
Comestibles
 c - 7 rations
 r - 5 chunks of flesh


   Skills:
 + Level 1.2 Fighting
 + Level 1.2 Short Blades
 + Level 1.2 Long Blades
 + Level 1.2 Axes
 + Level 1.2 Maces & Flails
 + Level 1.2 Polearms
 + Level 1.2 Staves
 + Level 1.2 Slings
 + Level 1.2 Bows
 + Level 1.2 Crossbows
 + Level 1.2 Throwing
 + Level 1.2 Armour
 + Level 4.7 Dodging
 + Level 4.3 Stealth
 + Level 1.2 Shields
 + Level 1.2 Unarmed Combat
 + Level 5.1 Spellcasting
 + Level 7.1 Conjurations
 + Level 1.0 Hexes
 + Level 1.0 Charms
 + Level 1.0 Summonings
 + Level 1.0 Necromancy
 + Level 1.0 Translocations
 + Level 1.0 Transmutations
 + Level 1.0 Fire Magic
 + Level 1.0 Ice Magic
 + Level 1.0 Air Magic
 + Level 1.0 Earth Magic
 + Level 1.0 Poison Magic
 + Level 1.3 Invocations
 + Level 1.2 Evocations


You had 12 spell levels left.
You knew the following spells:

 Your Spells              Type           Power        Failure   Level  Hunger
a - Magic Dart            Conj           ####         1%          1    None

Your spell library contained the following spells:

 Spells                   Type           Power        Failure   Level  Hunger
 Searing Ray              Conj           ####..       1%          2    #......
 Iskenderun's Mystic Bla  Conj           ####....     7%          4    ####...
 Dazzling Spray           Conj/Hex       ###...       8%          3    ##.....
 Force Lance              Conj/Tloc      ###.....     24%         4    ####...
 Fulminant Prism          Conj/Hex       ###.......   24%         4    ####...


Dungeon Overview and Level Annotations

Branches:
Dungeon (3/15)

Altars:
Cheibriados
Dithmenos
Elyvilon
Kikubaaqudgha
Okawaru
Ru
Sif Muna
Trog
Vehumet
Wu Jian
Xom
Yredelemnul
The Shining One


Innate Abilities, Weirdness & Mutations

Your experience applies equally to all skills.
You have very sharp teeth.
Your uncanny sense of smell can sniff out nearby items.


Message History

The orc wizard is almost dead.
The orc wizard hits you but does no damage.
The orc wizard misses you.
Casting: Magic Dart (safe; 1% risk of failure)
Confirm with . or Enter, or press ? or * to list all spells.
You don't have enough magic to cast that spell.
Unknown command.
You hit the orc wizard.
You bite the orc wizard, but do no damage.
The orc wizard is almost dead.
The leopard gecko bites you but does no damage.
The orc wizard hits you with a dagger.
* * * LOW HITPOINT WARNING * * *
You closely miss the orc wizard.
The orc wizard is almost dead.
The leopard gecko bites you.
* * * LOW HITPOINT WARNING * * *
The orc wizard gestures at you while chanting.
The magic dart hits you!
You die...

.....#..# #.......# ### #
.......# ... #. ......###
#.#######.###......##
#.)o@............#..
###lo.....#.#.#..#.#
#########.#####.#.....<#.##
...........................
#####....#####.###......##
#.#### #.###....### #.#
#.#......#
#.########.###....###
#####...................#


You could see an orc wizard, an orc and a leopard gecko.

Vanquished Creatures
  5 adders
  A dart slug (D:2)
  A worm (D:2)
  2 leopard geckos
  2 orcs (D:3)
  7 bats
  A giant cockroach (D:1)
  4 goblins
  4 hobgoblins
  8 jackals
  2 ball pythons (D:1)
  4 frilled lizards
  6 kobolds
  9 rats
56 creatures vanquished.

Notes
Turn   | Place    | Note
-------+----------+-------------------------------------------
     0 | D:1      | JedernureinKreuz the Gnoll Conjurer began the quest for the
                  | Orb.
     0 | D:1      | Reached XP level 1. HP: 13/13 MP: 6/6
    26 | D:1      | Noticed a salamander
    26 | D:1      | Noticed a swamp drake
    26 | D:1      | Noticed a killer bee
    86 | D:1      | Reached XP level 2. HP: 19/19 MP: 4/7
   750 | D:2      | Reached XP level 3. HP: 25/25 MP: 7/9
   756 | D:2      | Reached skill level 5 in Spellcasting
  1033 | D:2      | Reached skill level 1 in Invocations
  1212 | D:2      | Reached skill level 1 in Fighting
  1212 | D:2      | Reached skill level 1 in Short Blades
  1212 | D:2      | Reached skill level 1 in Long Blades
  1212 | D:2      | Reached skill level 1 in Axes
  1212 | D:2      | Reached skill level 1 in Maces & Flails
  1212 | D:2      | Reached skill level 1 in Polearms
  1212 | D:2      | Reached skill level 1 in Staves
  1212 | D:2      | Reached skill level 1 in Slings
  1212 | D:2      | Reached skill level 1 in Bows
  1212 | D:2      | Reached skill level 1 in Crossbows
  1212 | D:2      | Reached skill level 1 in Throwing
  1212 | D:2      | Reached skill level 1 in Armour
  1212 | D:2      | Reached skill level 1 in Shields
  1212 | D:2      | Reached skill level 1 in Unarmed Combat
  1212 | D:2      | Reached skill level 1 in Evocations
  1220 | D:2      | Reached XP level 4. HP: 32/32 MP: 2/11
  1448 | D:2      | Found a snail-covered altar of Cheibriados.
  1449 | D:2      | Found a shadowy altar of Dithmenos.
  1451 | D:2      | Found a shimmering altar of Xom.
  1454 | D:2      | Found a white marble altar of Elyvilon.
  1456 | D:2      | Found a deep blue altar of Sif Muna.
  1456 | D:2      | Found a radiant altar of Vehumet.
  1456 | D:2      | Found an ancient bone altar of Kikubaaqudgha.
  1456 | D:2      | Found a sacrificial altar of Ru.
  1456 | D:2      | Found a bloodstained altar of Trog.
  1458 | D:2      | Found an iron altar of Okawaru.
  1459 | D:2      | Found a glowing golden altar of the Shining One.
  1462 | D:2      | Became a worshipper of Sif Muna the Loreminder
  1465 | D:2      | Found a basalt altar of Yredelemnul.
  1466 | D:2      | Found an ornate altar of the Wu Jian Council.
  1669 | D:3      | Reached skill level 1 in Hexes
  1669 | D:3      | Reached skill level 1 in Charms
  1669 | D:3      | Reached skill level 1 in Summonings
  1669 | D:3      | Reached skill level 1 in Necromancy
  1669 | D:3      | Reached skill level 1 in Translocations
  1669 | D:3      | Reached skill level 1 in Transmutations
  1669 | D:3      | Reached skill level 1 in Fire Magic
  1669 | D:3      | Reached skill level 1 in Ice Magic
  1669 | D:3      | Reached skill level 1 in Air Magic
  1669 | D:3      | Reached skill level 1 in Earth Magic
  1669 | D:3      | Reached skill level 1 in Poison Magic
  1694 | D:3      | Killed from afar by an orc wizard

Skill      XL: |  1  2  3  4 |
---------------+-------------+-----
Spellcasting   | 5 |  5.1
Invocations    | 1 |  1.3
Fighting       | 1 |  1.2
Short Blades   | 1 |  1.2
Long Blades    | 1 |  1.2
Axes           | 1 |  1.2
Maces & Flails | 1 |  1.2
Polearms       | 1 |  1.2
Staves         | 1 |  1.2
Slings         | 1 |  1.2
Bows           | 1 |  1.2
Crossbows      | 1 |  1.2
Throwing       | 1 |  1.2
Armour         | 1 |  1.2
Shields        | 1 |  1.2
Unarmed Combat | 1 |  1.2
Evocations     | 1 |  1.2
Hexes          | 1 |  1.0
Charms         | 1 |  1.0
Summonings     | 1 |  1.0
Necromancy     | 1 |  1.0
Translocations | 1 |  1.0
Transmutations | 1 |  1.0
Fire Magic     | 1 |  1.0
Ice Magic      | 1 |  1.0
Air Magic      | 1 |  1.0
Earth Magic    | 1 |  1.0
Poison Magic   | 1 |  1.0
Dodging        | |  4.7
Stealth        | |  4.3
Conjurations   | |  7.1

Action                   |  1- 3 |  4- 6 || total
-------------------------+-------+-------++-------
Melee: Short sword       |    17 |     8 ||    25
       Bite              |     2 |     2 ||     4
 Cast: Magic Dart        |    59 |    29 ||    88
 Stab: Sleeping          |     2 |       ||     2
  Eat: Chunk             |     1 |     1 ||     2
Armor: Robe              |     5 |     2 ||     7
Dodge: Dodged            |    17 |    10 ||    27
